 Dungeon Crawl Stone Soup version 0.27-a0-597-g524d869a0f (webtiles) character file.

Game seed: 10825352553654390582

9144 tilp the Transmogrifier (level 11, -6/86 HPs)
             Began as an Octopode Transmuter on Mar 11, 2021.
             Was a High Priest of Okawaru.
             Mangled by a hornet (12 damage)
             ... on level 11 of the Dungeon.
             The game lasted 00:24:37 (13463 turns).

tilp the Transmogrifier (Octopode Transmuter)      Turns: 13463, Time: 00:24:37

Health: -6/86      AC:  6    Str: 15    XL:     11   Next: 41%
Magic:  17/20      EV: 17    Int: 19    God:    Okawaru [*****.]
Gold:   570        SH:  5    Dex: 19    Spells: 12/22 levels left

rFire    x . .     SeeInvis .     - Unarmed
rCold    + + +     Faith    .   (shield currently unavailable)
rNeg     . . .     Spirit   .   (helmet currently unavailable)
rPois    +         Reflect  +   o - amulet of reflection
rElec    .         Harm     .   i - +4 ring of evasion
rCorr    .         Rampage  .   w - +6 ring of dexterity
Will     .....                  A - +6 ring of strength
Stlth    +++.......             I - ring of protection from cold
HPRegen  0.24/turn              (no ring)
MPRegen  0.17/turn              (no ring)
                                (no ring)
                                (no ring)

@: lethally poisoned (-6 -> -22), ice-form, flying
A: large, almost no armour, amphibious, 8 rings
a: End Transformation, Renounce Religion, Heroism, Finesse


You were on level 11 of the Dungeon.
You worshipped Okawaru.
Okawaru was extremely pleased with you.
You were a creature of crystalline ice.
You visited 2 branches of the dungeon, and saw 12 of its levels.

You collected 570 gold pieces.

Inventory:

Missiles
 h - 64 poisoned darts (quivered)
 k - 8 curare-tipped darts {!f}
 n - 2 throwing nets {!f}
 s - 13 boomerangs
Jewellery
 i - a +4 ring of evasion (left front paw)
 o - an amulet of reflection (around neck)
 p - an amulet of faith
 w - a +6 ring of dexterity (right front paw)
 y - a ring of fire
 A - a +6 ring of strength (on tentacle)
 I - a ring of protection from cold (on tentacle)
Wands
 q - a wand of paralysis (6)
 u - a wand of digging (6)
 B - a wand of charming (5)
 C - a wand of iceblast (13)
 D - a wand of random effects (17)
Scrolls
 d - 5 scrolls of teleportation
 e - 3 scrolls of amnesia
 j - 3 scrolls of magic mapping
 x - a scroll of fear
 E - a scroll of enchant armour
Potions
 a - 2 potions of haste
 b - 4 potions of ambrosia
 c - 2 potions of curing
 g - 2 potions of magic
 l - 4 potions of mutation
 m - 6 potions of heal wounds
 r - a potion of degeneration {unknown}
 t - a potion of lignification {unknown}
 v - 2 potions of brilliance
 z - 2 potions of cancellation
 F - 2 potions of attraction
 G - a potion of invisibility {unknown}


   Skills:
 - Level 6.0 Fighting
 - Level 6.0 Dodging
 - Level 4.0 Stealth
 - Level 8.0 Unarmed Combat
 - Level 6.0 Spellcasting
 - Level 10.0 Transmutations
 - Level 2.0 Ice Magic
 - Level 2.0 Poison Magic
 + Level 4.4 Invocations
 + Level 4.4 Evocations


You had 12 spell levels left.
You knew the following spells:

 Your Spells              Type           Power      Damage    Failure   Level
a - Beastly Appendage     Tmut           86%        N/A       1%          1
b - Wereblood             Tmut           43%        N/A       1%          2
c - Spider Form           Tmut/Pois      14%        N/A       2%          3
d - Ice Form              Ice/Tmut       28%        N/A       10%         4

Your spell library contained the following spells:

 Spells                   Type           Power      Damage    Failure   Level
 Blade Hands              Tmut           21%        N/A       4%          5


Dungeon Overview and Level Annotations

Branches:
Dungeon (11/15)            Temple (1/1) D:5            Lair (0/6) D:10
    Orc (0/2) D:9

Altars:
Ashenzari
Cheibriados
Dithmenos
Elyvilon
Fedhas
Gozag
Hepliaklqana
Kikubaaqudgha
Makhleb
Nemelex Xobeh
Okawaru
Qazlal
Ru
Sif Muna
Trog
Uskayaw
Vehumet
Wu Jian
Xom
Yredelemnul
Zin
The Shining One

Shops:
D:5 ==   D:7 :   D:10 *

Annotations:
D:4 exclusion: statue
D:8 exclusion: hornet
D:9 1 runed translucent door, bmj180's ghost, novice GnWn


Innate Abilities, Weirdness & Mutations

You cannot wear most types of armour.
You are amphibious.
You can wear up to eight rings at the same time.
((Your skin changes colour to match your surroundings (Stealth+).))
((Your rubbery body absorbs attacks. (AC +1, EV +1)))
((You are stealthy while swimming. (Stealth+)))
((You have tentacles for arms and can constrict up to eight enemies at once.))


Message History

The hornet buzzes angrily.
You hit the hornet. You freeze the hornet.
The hornet is lightly wounded.
The hornet stings you!
You are poisoned.
You hit the hornet but do no damage.
The hornet is lightly wounded.
You feel sick. The hornet stings you.
You are more poisoned.
You feel yourself slow down. The hornet stings you!
You closely miss the hornet.
The hornet is lightly wounded.
You feel yourself speed up.
You feel sick. The hornet closely misses you. The hornet misses you.
You punch the hornet! You freeze the hornet.
The hornet is heavily wounded.
You feel sick. The hornet closely misses you.
You hit the hornet but do no damage.
The hornet is heavily wounded.
You feel sick. The hornet stings you.
You suddenly lose the ability to move!
You feel sick. The hornet stings you. The hornet stings you!
You are more poisoned.
You feel sick. The hornet stings you.
* * * LOW HITPOINT WARNING * * *
You feel very sick.
The hornet stings you but does no damage.
The hornet stings you!
* * * LOW HITPOINT WARNING * * *
You can move again.
Unknown command.
Unknown command.
Unknown command.
You feel very buoyant.
You fly up into the air.
You feel sick. The hornet stings you!
* * * LOW HITPOINT WARNING * * *
Unknown command.
You feel more buoyant.
* * * LOW HITPOINT WARNING * * *
You feel sick. The hornet stings you!
You die...

#..).......#
###........#...
#........#..#
#<......##..#
#.......+...#
#.......#...# ####
#++#....#...# .....
...###'##...#......
............Yy!.....
.............#......
.............# .....
.............# .###
..........#### #
..........#
..........#
.........#


You could see a hornet.

Vanquished Creatures
  3 death yaks (D:10)
  A two-headed ogre (D:8)
  Sonja (D:11)
  A komodo dragon (D:10)
  A troll (D:10)
  Grinder (D:5)
  Prince Ribbit (D:5)
  Sigmund (D:3)
  Eustachio (D:8)
  6 yaks (D:10)
  Duvessa (D:5)
  A water moccasin (D:9)
  3 black bears
  2 ice beasts
  2 orc warriors
  8 ogres
  5 centaurs
  5 bullfrogs
  3 gnoll sergeants (D:8)
  A wyvern zombie (D:9)
  A water moccasin zombie (D:8)
  Dowan (D:5)
  A scorpion (D:6)
  8 wights
  A howler monkey (D:9)
  A quasit (D:5)
  3 bullfrog skeletons
  A jelly (D:8)
  A bullfrog zombie (D:6)
  4 orc priests
  4 hounds
  2 iguanas
  5 orc wizards
  8 worker ants
  A hound skeleton (D:10)
  A worker ant zombie (D:10)
  14 adders
  3 gnolls (D:6)
  2 river rats
  2 shadow imps
  2 white imps (D:9)
  4 ufetubi
  An adder skeleton (D:4)
  6 worms
  3 dart slugs
  25 orcs
  A ball python (D:4)
  6 bats
  10 giant cockroaches
  7 goblins
  6 hobgoblins
  9 jackals
  3 kobolds
  A quokka (D:3)
  8 frilled lizards
  9 rats
213 creatures vanquished.

Notes
Turn   | Place    | Note
-------+----------+-------------------------------------------
     0 | D:1      | tilp the Octopode Transmuter began the quest for the Orb.
     0 | D:1      | Reached XP level 1. HP: 13/13 MP: 3/3
    87 | D:1      | Reached skill level 1 in Stealth
   339 | D:1      | Reached XP level 2. HP: 15/18 MP: 3/5
   344 | D:1      | Learned a level 2 spell: Wereblood
   990 | D:1      | Reached XP level 3. HP: 23/23 MP: 6/6
   994 | D:1      | Learned a level 3 spell: Spider Form
  2049 | D:2      | Found a faded altar of an unknown god.
  2061 | D:2      | Reached XP level 4. HP: 29/29 MP: 5/7
  2488 | D:3      | Noticed Sigmund
  2867 | D:3      | Found a shimmering blue altar of Sif Muna.
  2983 | D:3      | Found an ancient bone altar of Kikubaaqudgha.
  3134 | D:3      | Found a hide-covered altar of Uskayaw.
  3194 | D:3      | Reached XP level 5. HP: 35/35 MP: 6/8
  3609 | D:4      | Found a glowing drain.
  3839 | D:4      | Reached XP level 6. HP: 28/42 MP: 9/9
  4058 | D:4      | Reached skill level 5 in Unarmed Combat
  4299 | D:4      | Reached XP level 7. HP: 39/48 MP: 6/10
  4562 | D:4      | Found a radiant altar of Vehumet.
  4638 | D:4      | Reached skill level 1 in Poison Magic
  4941 | D:5      | Entered Level 5 of the Dungeon
  4950 | D:5      | Found a staircase to the Ecumenical Temple.
  4967 | Temple   | Entered the Ecumenical Temple
  5029 | Temple   | Became a worshipper of Warmaster Okawaru
  5127 | D:5      | Identified the +0 leather armour of Apeip {rElec MP+9 Str+3
                  | Int-4}
  5204 | D:5      | Noticed Prince Ribbit
  5229 | D:5      | Killed Prince Ribbit
  5230 | D:5      | Reached skill level 3 in Transmutations
  5231 | D:5      | Noticed Grinder
  5598 | D:5      | Noticed Dowan
  5601 | D:5      | Noticed Duvessa
  5616 | D:5      | Killed Dowan
  5617 | D:5      | Reached skill level 4 in Transmutations
  5617 | D:5      | Reached XP level 8. HP: 47/54 MP: 9/12
  5629 | D:5      | Killed Duvessa
  5629 | D:5      | Reached * piety under Okawaru
  5969 | D:5      | Reached skill level 5 in Transmutations
  6478 | D:5      | Found Jetomyro's Jewellery Shoppe.
  6539 | D:5      | Killed Grinder
  6540 | D:5      | Reached skill level 6 in Transmutations
  6828 | D:5      | Found Odeomow's Jewellery Emporium.
  7024 | D:6      | Found a bloodstained altar of Trog.
  7106 | D:6      | Reached ** piety under Okawaru
  7116 | D:6      | Reached XP level 9. HP: 33/58 MP: 12/15
  7127 | D:6      | Reached skill level 1 in Evocations
  8030 | D:7      | Found a glowing silver altar of Zin.
  8208 | D:7      | Found Xaukhlas's Book Shop.
  8668 | D:7      | Reached skill level 7 in Transmutations
  8832 | D:7      | Found a stormy altar of Qazlal.
  8983 | D:3      | Killed Sigmund
  9102 | D:8      | Learned a level 4 spell: Ice Form
  9341 | D:8      | Noticed Eustachio
  9518 | D:8      | Reached skill level 8 in Transmutations
  9595 | D:8      | Reached skill level 1 in Ice Magic
  9686 | D:8      | Noticed a hornet
  9786 | D:8      | Noticed a two-headed ogre
  9806 | D:8      | Killed a two-headed ogre
  9806 | D:8      | Reached *** piety under Okawaru
  9807 | D:8      | Reached XP level 10. HP: 18/65 MP: 11/16
 10325 | D:8      | Killed Eustachio
 10326 | D:8      | Reached skill level 5 in Fighting
 11410 | D:9      | Found a shadowy altar of Dithmenos.
 11751 | D:9      | Reached **** piety under Okawaru
 12041 | D:9      | Found a staircase to the Orcish Mines.
 12056 | D:9      | Found a runed translucent door.
 12056 | D:9      | Noticed bmj180's ghost (novice GnWn)
 12115 | D:9      | Reached skill level 5 in Dodging
 12359 | D:10     | Entered Level 10 of the Dungeon
 12362 | D:10     | Noticed a death yak
 12537 | D:10     | Found a hazy altar of Hepliaklqana.
 12725 | D:10     | Found a staircase to the Lair.
 12882 | D:10     | Found Afuoqow's General Store.
 13007 | D:10     | Noticed a death yak
 13026 | D:10     | Noticed a death yak
 13034 | D:10     | Killed a death yak
 13035 | D:10     | Reached skill level 5 in Spellcasting
 13035 | D:10     | Reached XP level 11. HP: 72/72 MP: 11/18
 13044 | D:10     | Killed a death yak
 13044 | D:10     | Reached ***** piety under Okawaru
 13045 | D:10     | Reached skill level 9 in Transmutations
 13065 | D:10     | Killed a death yak
 13427 | D:11     | Noticed Sonja
 13433 | D:11     | Killed Sonja
 13434 | D:11     | Reached skill level 10 in Transmutations
 13458 | D:11     | Paralysed by a hornet for 3 turns
 13463 | D:11     | Mangled by a hornet

Illustrated notes

Levels and vault maps discovered:
D:1:      shiori_arrival_oz, layout_loops_ring, minmay_3d_cube
D:2:      layout_basic, chequers_ecumenical_altar_island
D:3:      layout_basic, nicolae_overflow_crystal_walls,
          eat_drink_and_be_merry_uskayaw, lemuel_altar_in_water, uniq_sigmund
D:4:      layout_basic, vehumet_statue, portal_sewer_entry_b,
          chequers_serial_rivers_room_b, ldierk_geyser, minmay_close_crescents
D:5:      layout_layer_cave, minmay_temple_entry_tees, serial_shops, shop,
          shop_fountains, uniq_grinder, uniq_duvessa, uniq_prince_ribbit1
D:6:      layout_basic, basic_altar, hangedman_decor_growths
D:7:      layout_gridville, nicolae_qazlal_eye_of_the_storm, old_standard_altar,
          serial_shops, shop_fountains
D:8:      layout_layer_cave, sword_in_stone
D:9:      layout_basic, nicolae_dithmenos_through_a_glass_darkly, orc_0_dummy,
          gammafunk_ghost_grave
D:10:     layout_loops_cross, dpeg_lair_monsters, basic_altar, serial_shops,
          shop
D:11:     layout_irregular_city, xom_teletrap_fun, uniq_sonja, uniq_harold
Temple:   nicolae_temple_x_marks_the_god

Skill      XL: |  1  2  3  4  5  6  7  8  9 10 11 |
---------------+----------------------------------+-----
Stealth        | 2 3 4 |  4.0
Fighting       | 2 3 4 6 |  6.0
Unarmed Combat | 4 5 6 7 8 |  8.0
Poison Magic   | 2 |  2.0
Transmutations | 4 6 8 10 | 10.0
Spellcasting   | 3 4 5 6 |  6.0
Invocations    | 4 |  4.4
Evocations     | 4 |  4.4
Ice Magic      | 2 |  2.0
Dodging        | 3 6 |  6.0

Action                   |  1- 3 |  4- 6 |  7- 9 | 10-12 || total
-------------------------+-------+-------+-------+-------++-------
Melee: Unarmed           |    93 |   113 |   238 |   239 ||   683
       Constrict         |    28 |    26 |    29 |    16 ||    99
       Kick              |    18 |    31 |    42 |    16 ||   107
       Tentacles         |    15 |    21 |    23 |    23 ||    82
       Punch             |       |     4 |     8 |     4 ||    16
Throw: Dart              |       |    25 |    13 |     6 ||    44
       Boomerang         |       |       |       |     2 ||     2
 Cast: Beastly Appendage |    18 |    19 |    22 |    13 ||    72
       Wereblood         |     8 |     9 |     7 |    11 ||    35
       Spider Form       |       |       |    13 |    17 ||    30
       Ice Form          |       |       |       |     1 ||     1
Invok: Heroism           |       |       |     2 |     7 ||     9
 Abil: End Transformatio |       |       |     2 |     1 ||     3
Evoke: Wand              |       |       |     3 |     4 ||     7
  Use: Scroll            |       |     7 |     6 |     6 ||    19
       Potion            |       |       |     6 |     2 ||     8
 Stab: Sleeping          |     5 |     2 |     9 |     9 ||    25
       Paralysed         |       |       |       |     3 ||     3
Armor: Skin              |    10 |     3 |    12 |     3 ||    28
Dodge: Dodged            |    59 |    52 |   166 |   162 ||   439
Block: Other             |       |    14 |    55 |    40 ||   109
       Reflection        |       |       |       |     2 ||     2

Table legend: (Time is in decaauts)
 A = Elapsed time spent in this place.
 B = Non-inter-level travel time spent in this place.
 C = Inter-level travel time spent in this place.
 D = Time resting spent in this place.
 E = Time spent auto-exploring this place.
 F = Levels seen in this place.
 G = Mean time per level.
                   A        B        C        D        E       F      G
               +--------+--------+--------+--------+--------+-----+--------+
         Total |  13389 |  12543 |    846 |   2096 |   8470 |  12 | 1115.8 |
       Dungeon |  13320 |  12491 |    829 |   2096 |   8420 |  11 | 1210.9 |
        Temple |     68 |     51 |     17 |      0 |     50 |   1 |   68.0 |
               +--------+--------+--------+--------+--------+-----+--------+

Top non-repeatable levels by time:
     D:8: 2334 daAuts
     D:4: 2158 daAuts
     D:1: 1402 daAuts
     D:3: 1186 daAuts
     D:5: 1156 daAuts
     D:7: 1083 daAuts
     D:2: 1071 daAuts
    D:10: 992 daAuts
     D:9: 959 daAuts
     D:6: 940 daAuts
  Temple: 68 daAuts
    D:11: 35 daAuts
